 Dungeon Crawl Stone Soup version 0.27-a0-277-g024f7ef292 (webtiles) character file.

Game seed: 12195854987111456477

1106 Gieldon the Digger (level 8, -6/44 HPs)
             Began as a Gargoyle Earth Elementalist on Feb 6, 2021.
             Was a Follower of Vehumet.
             Mangled by an orc warrior
             ... wielding a +0 war axe
              (14 damage)
             ... on level 4 of the Dungeon.
             The game lasted 00:14:12 (4729 turns).

Gieldon the Digger (Gargoyle Earth Elementalist)    Turns: 4729, Time: 00:14:12

Health: -6/44      AC: 10    Str: 12    XL:     8   Next: 33%
Magic:  15/15      EV: 12    Int: 18    God:    Vehumet [*.....]
Gold:   241        SH:  0    Dex: 10    Spells: 7/16 levels left

rFire    + . .     SeeInvis .   d - +1 short sword
rCold    . . .     Faith    .   (no shield)
rNeg     + . .     Spirit   .   l - +2 leather armour {rF+}
rPois    ∞         Reflect  .   (no helmet)
rElec    +         Harm     .   (no cloak)
rCorr    .         Rampage  .   j - -1 pair of gloves (curse)
Will     .....                  (no boots)
Stlth    ++........             (no amulet)
HPRegen  0.14/turn              e - ring of flight
MPRegen  0.14/turn              (no ring)

@: brilliant
A: negative energy resistance 1, electricity resistance, unbreathing,
petrification resistance, miasma immunity, AC +5
a: Renounce Religion, Evoke Flight


You were on level 4 of the Dungeon.
You worshipped Vehumet.
Vehumet was aware of your devotion.
You visited 2 branches of the dungeon, and saw 8 of its levels.

You collected 241 gold pieces.

Inventory:

Hand Weapons
 d - a +1 short sword (weapon)
 n - a +0 flail
Missiles
 b - 50 stones
Armour
 j - a cursed -1 pair of gloves (worn)
 l - a +2 leather armour of fire resistance (worn)
Jewellery
 e - a ring of flight (left hand)
Wands
 a - a wand of mindburst (2)
Scrolls
 c - a scroll of amnesia
 i - 2 scrolls of remove curse
 k - a scroll of immolation
 m - a scroll of enchant weapon
Potions
 h - a potion of flight {unknown}


   Skills:
 + Level 1.9 Fighting
 + Level 1.8 Maces & Flails
 + Level 2.0 Armour
 + Level 2.3 Dodging
 - Level 2.1 Stealth
 + Level 4.8 Spellcasting
 + Level 4.6 Conjurations
 - Level 0.7 Transmutations
 + Level 6.8 Earth Magic
 + Level 1.5 Evocations


You had 7 spell levels left.
You knew the following spells:

 Your Spells              Type           Power        Failure   Level
a - Sandblast             Erth           86%          1%          1
b - Stone Arrow           Conj/Erth      74%          4%          3
c - Lee's Rapid Deconstr  Erth           21%          28%         5

Your spell library contained the following spells:

 Spells                   Type           Power        Failure   Level
 Foxfire                  Conj/Fire      76%          7%          1
 Passwall                 Tmut/Erth      22%          5%          2
 Petrify                  Tmut/Erth      27%          34%         4


Dungeon Overview and Level Annotations

Branches:
Dungeon (7/15)             Temple (1/1) D:4

Altars:
Fedhas
Okawaru
Vehumet
Wu Jian
Yredelemnul

Annotations:
D:4 Menkaure


Innate Abilities, Weirdness & Mutations

You are resistant to torment.
Your stone body is resilient. (AC +5)
You are immune to poison.
You resist negative energy. (rN+)
You are resistant to electric shocks. (rElec)
You can survive without breathing.
You are immune to petrification.
You are immune to miasma.


Message History

The orc warrior is lightly wounded.
The orc misses you. The orc hits you with a +0 club.
The orc warrior hits you with a +0 war axe!
* * * LOW HITPOINT WARNING * * *
You are too injured to fight recklessly!
You are too injured to fight recklessly!
You are too injured to fight recklessly!
You are too injured to fight recklessly!
You are too injured to fight recklessly!
You are too injured to fight recklessly!
You are too injured to fight recklessly!
Unknown command.
Unknown command.
Okay, then.
Unknown command.
It was a potion of brilliance.
You feel clever all of a sudden. The orc hits you but does no damage. x2
The orc warrior hits you with a +0 war axe!
You die...

.................#
................##...###
#......M........+....# #
+..<............#....###
#...............#.......
#............#.#.......
#......................
#....ooo..##+#.........
#.....@................
#......##..............
#......#...............
#......#...............
#......'......######'##
#......##.....# #....#.
#......##.....###[####.
###...†##.......#.####.
#.....)##.......#....#.


You could see an orc warrior, Menkaure and 2 orcs.

Vanquished Creatures
  2 orc warriors (D:6)
  An ogre (D:4)
  A centaur (D:6)
  A scorpion (D:6)
  2 howler monkeys
  A bullfrog zombie (D:5)
  3 hounds
  A centaur skeleton (D:4)
  A jelly (D:6)
  2 bullfrog skeletons (D:4)
  3 orc priests (D:4)
  2 worker ants
  2 iguanas (D:4)
  An orc wizard (D:6)
  A hound skeleton (D:4)
  2 gnolls (D:6)
  A worker ant zombie (D:7)
  4 adders
  2 oozes
  2 worms
  3 dart slugs
  18 orcs
  2 ball pythons
  3 giant cockroaches
  6 goblins
  2 hobgoblins (D:1)
  2 quokkas (D:4)
  A ball python skeleton (D:4)
  8 bats
  2 frilled lizards
  A jackal skeleton (D:7)
  8 kobolds
  A quokka skeleton (D:7)
  6 rats
98 creatures vanquished.

Notes
Turn   | Place    | Note
-------+----------+-------------------------------------------
     0 | D:1      | Gieldon the Gargoyle Earth Elementalist began the quest for
                  | the Orb.
     0 | D:1      | Reached XP level 1. HP: 10/10 MP: 3/3
   123 | D:1      | Reached XP level 2. HP: 15/15 MP: 1/5
   219 | D:1      | Reached skill level 4 in Earth Magic
   952 | D:1      | Reached XP level 3. HP: 16/19 MP: 6/6
   956 | D:1      | Learned a level 3 spell: Stone Arrow
  1705 | D:2      | Reached skill level 1 in Conjurations
  1845 | D:2      | Reached XP level 4. HP: 24/24 MP: 5/8
  2171 | D:3      | Found a faded altar of an unknown god.
  2429 | D:3      | Reached skill level 5 in Earth Magic
  2483 | D:3      | Reached XP level 5. HP: 28/28 MP: 7/9
  2525 | D:3      | Learned a level 5 spell: Lee's Rapid Deconstruction
  3104 | D:4      | Noticed an orc warrior
  3135 | D:4      | Reached XP level 6. HP: 21/32 MP: 3/11
  3320 | D:4      | Reached skill level 6 in Earth Magic
  3639 | D:4      | Reached XP level 7. HP: 25/36 MP: 13/13
  3751 | D:4      | Found a staircase to the Ecumenical Temple.
  3780 | Temple   | Entered the Ecumenical Temple
  3790 | Temple   | Became a worshipper of Vehumet
  3966 | D:4      | You fall into a shaft and drop 3 floors!
  4224 | D:6      | Reached skill level 1 in Fighting
  4224 | D:6      | Reached skill level 1 in Maces & Flails
  4224 | D:6      | Reached skill level 1 in Armour
  4244 | D:6      | Reached skill level 1 in Evocations
  4244 | D:6      | Reached XP level 8. HP: 29/43 MP: 3/15
  4297 | D:5      | Entered Level 5 of the Dungeon
  4440 | D:5      | Found a basalt altar of Yredelemnul.
  4472 | D:5      | Reached * piety under Vehumet
  4472 | D:5      | Offered knowledge of Foxfire by Vehumet.
  4727 | D:4      | Noticed Menkaure
  4729 | D:4      | Mangled by an orc warrior

Illustrated notes

Levels and vault maps discovered:
D:1:      dpeg_arrival_shrine, layout_basic
D:2:      layout_basic
D:3:      layout_basic, chequers_ecumenical_altar_island,
          chequers_serial_rivers_small_a
D:4:      layout_basic, lemuel_coloured_pillars_altar, minmay_temple_entry_mist,
          uniq_menkaure
D:5:      layout_cave_pools, basic_altar
D:6:      layout_loops_ring
D:7:      layout_gridville, gammafunk_ghost_nasty_kobolds,
          kennysheep_generic_room_14
Temple:   nicolae_temple_the_god_donut

Skill      XL: |  1  2  3  4  5  6  7  8 |
---------------+-------------------------+-----
Earth Magic    | 4 5 6 |  6.8
Conjurations   | 1 2 3 4 |  4.6
Spellcasting   | 3 4 |  4.8
Fighting       | 1 |  1.9
Maces & Flails | 1 |  1.8
Armour         | 1 2 |  2.0
Dodging        | 2 |  2.3
Evocations     | 1 |  1.5
Stealth        | |  2.1
Transmutations | |  0.7

Action                   |  1- 3 |  4- 6 |  7- 9 || total
-------------------------+-------+-------+-------++-------
Melee: Unarmed           |     2 |       |       ||     2
       Short sword       |    90 |    46 |    24 ||   160
       Club              |     2 |       |       ||     2
 Cast: Sandblast         |    20 |    47 |    60 ||   127
Evoke: Wand              |       |     2 |    14 ||    16
  Use: Scroll            |     2 |     3 |     2 ||     7
       Potion            |       |       |     1 ||     1
 Stab: Sleeping          |     2 |     1 |     1 ||     4
Armor: Robe              |    35 |    30 |     4 ||    69
       Leather armour    |       |       |    22 ||    22
Dodge: Dodged            |    66 |    43 |    44 ||   153

Table legend: (Time is in decaauts)
 A = Elapsed time spent in this place.
 B = Non-inter-level travel time spent in this place.
 C = Inter-level travel time spent in this place.
 D = Time resting spent in this place.
 E = Time spent auto-exploring this place.
 F = Levels seen in this place.
 G = Mean time per level.
                   A        B        C        D        E       F      G
               +--------+--------+--------+--------+--------+-----+--------+
         Total |   4751 |   4623 |    128 |    305 |   3452 |   8 |  593.9 |
       Dungeon |   4735 |   4613 |    122 |    305 |   3452 |   7 |  676.4 |
        Temple |     16 |     10 |      6 |      0 |      0 |   1 |   16.0 |
               +--------+--------+--------+--------+--------+-----+--------+

Top non-repeatable levels by time:
     D:1: 1416 daAuts
     D:4: 1379 daAuts
     D:2: 763 daAuts
     D:3: 597 daAuts
     D:6: 267 daAuts
     D:5: 246 daAuts
     D:7: 64 daAuts
  Temple: 16 daAuts
